 Dungeon Crawl Stone Soup version 0.30.1-11-g7821555f0a (webtiles) character file.

Game seed: 6862439529258774745

12688 pzyfr the Severer (level 11, -7/85 HPs)
             Began as a Minotaur Berserker on Dec 1, 2023.
             Was a Priest of Trog.
             Mangled by a yak (11 damage)
             ... led by a torpor snail
             ... on level 2 of the Lair of Beasts on Dec 2, 2023.
             The game lasted 01:53:50 (16966 turns).

pzyfr the Severer (Minotaur Berserker)             Turns: 16966, Time: 01:53:51

Health: -7/85      AC: 17    Str: 29    XL:     11   Next: 65%
Magic:  19/19      EV:  7    Int:  5    God:    Trog [***...]
Gold:   464        SH: 17    Dex: 10    Spells: 10/10 levels left

rFire   . . .        a - +2 hand axe
rCold   . . .        C - +2 kite shield
rNeg    . . .        p - +0 plate armour
rPois   +            o - +1 hat {SInv}
rElec   .            (no cloak)
rCorr   .            i - +0 pair of gloves
SInv    +            (no boots)
Will    .....        n - amulet of reflection Stlth
                     b - ring "Puifyuz" {rPois MP+9 Str+3 Int+3}
HPRegen 0.34/turn    q - +4 ring of protection
MPRegen 0.16/turn

%: reflection
@: on berserk cooldown, slowed, very slow
A: horns 2, retaliatory headbutt, dopey 1, sense surroundings 1
a: Renounce Religion, Berserk, Trog's Hand


You were on level 2 of the Lair of Beasts.
You worshipped Trog.
Trog was most pleased with you.
You visited 3 branches of the dungeon, and saw 12 of its levels.

You collected 572 gold pieces.
You spent 108 gold pieces at shops.

Inventory:

Hand Weapons
 a - a +2 hand axe (weapon)
 f - a +0 sling
 h - a +0 shortbow
 u - a +2 mace of holy wrath
Missiles
 c - 87 stones
 t - 13 boomerangs
 B - 15 poisoned darts
Armour
 i - a +0 pair of gloves (worn)
 o - a +1 hat of see invisible (worn)
 p - a +0 plate armour (worn)
 C - a +2 kite shield (worn)
Jewellery
 b - the ring "Puifyuz" (left hand) {rPois MP+9 Str+3 Int+3}
   (You acquired it on level 2 of the Dungeon)

   [ring of magical power]

   Str:       It affects your strength (+3).
   Int:       It affects your intelligence (+3).
   rPois:     It protects you from poison.
   MP:        It affects your magic capacity (+9).
 n - an amulet of reflection (around neck)
 q - a +4 ring of protection (right hand)
 I - an amulet of magic regeneration
Wands
 e - a wand of polymorph (12)
 g - a wand of flame (44)
 A - a wand of iceblast (16)
Scrolls
 d - 14 scrolls of identify
 k - a scroll of noise
 m - 10 scrolls of teleportation
 r - a scroll of immolation
 s - a scroll of fog
 w - 4 scrolls of poison
 x - 2 scrolls of vulnerability
 y - a scroll of fear
 E - 3 scrolls of magic mapping
 G - a scroll of enchant armour
Potions
 j - 2 potions of curing (quivered)
 l - a potion of ambrosia {unknown}
 v - 5 potions of degeneration {unknown}
 z - a potion of heal wounds
 D - 2 potions of magic {unknown}
 F - 2 potions of cancellation {unknown}
 H - 2 potions of attraction {unknown}
 J - a potion of berserk rage {unknown}


   Skills:
 - Level 4.5 Fighting
 - Level 0.7 Short Blades
 + Level 19.2 Axes
 - Level 2.7 Armour
 - Level 2.5 Dodging
 - Level 0.5 Stealth
 + Level 10.3 Shields


You had 10 spell levels left.
You didn't know any spells.
Your spell library was empty.

Dungeon Overview and Level Annotations

Branches:
Dungeon (9/15)             Temple (1/1) D:4            Lair (2/5) D:8
  Swamp: Lair:2-3    Shoals: Lair:2-3     Snake: Lair:2-3    Spider: Lair:2-3
    Orc: D:9-12

Altars:
Ashenzari
Cheibriados
Dithmenos
Elyvilon
Gozag
Hepliaklqana
Kikubaaqudgha
Makhleb
Nemelex Xobeh
Qazlal
Ru
Uskayaw
Vehumet
Wu Jian
Yredelemnul
The Shining One

Shops:
D:5 *=([   D:7 :


Innate Abilities, Weirdness & Mutations

You have a pair of horns on your head.
You reflexively headbutt those who attack you in melee.
You are dopey. (Int -2)
You passively map a small area around you.


Message History

You slash the yak!
The yak is heavily wounded.
You completely miss the yak. You slash the yak! x2; You hit the yak.
You block the yak's attack. x2; The yak barely misses you.
You furiously retaliate!
You headbutt the yak! The yak gores you. x2
* * * LOW HITPOINT WARNING * * *
A red film seems to cover your vision as you go berserk!
You feel yourself moving faster!
You feel mighty! You block the yak's attack. x2
The yak gores you but does no damage. The yak completely misses you.
The yak gores you!
* * * LOW HITPOINT WARNING * * *
You block the yak's attack.
The yak gores you but does no damage. x2
The yak gores you.
* * * LOW HITPOINT WARNING * * *
You block the yak's attack. The yak attacks as you move away!
You block the yak's attack. The yak attacks as you move away!
The yak gores you!
* * * LOW HITPOINT WARNING * * *
You feel a strong urge to attack something.
The yak gores you but does no damage. The yak attacks as you move away!
You block the yak's attack. The yak gores you but does no damage.
The yak attacks as you move away! You block the yak's attack.
You feel your anger nearly subside. The yak attacks as you move away!
The yak gores you.
* * * LOW HITPOINT WARNING * * *
You are no longer berserk.
You are exhausted.
You feel as though you will be slow longer.
The yak attacks as you move away! The yak closely misses you.
You furiously retaliate!
You headbutt the yak! You hit the yak but do no damage. You headbutt the yak!
The yak is almost dead.
You hit the yak but do no damage. You hit the yak. The yak gores you!
* * * LOW HITPOINT WARNING * * *
You block the yak's attack. The yak attacks as you move away!
You block the yak's attack. x3
The yak gores you but does no damage. x2
The yak attacks as you move away! The yak barely misses you. The yak gores you!
You die...

...................^.....#..#....
..........................##....#
.........................####..##
.........................## #..#
..................<.......# #..##
.........................####.<##
............w.Y..................
...............YY.......########P
.............>YY@......## ##
...........######......# ######
.....>.....P# ###....#####.#...
##...#..#.### #...............
########## ##.....##..#.#.#
#......######### ##......#
##......## #.....##.#


You could see a torpor snail and 5 yaks.

Vanquished Creatures
  A hydra (Lair:2)
  4 death yaks (Lair:1)
  An elephant (D:8)
  3 cane toads (Lair:1)
  A komodo dragon (Lair:1)
  A hornet (D:7)
  Grinder (D:3)
  4 blink frogs (Lair:1)
  11 yaks
  2 basilisks
  5 humans (D:8)
  A steam dragon (D:7)
  8 water moccasins
  An ice beast (D:5)
  An orc warrior (D:8)
  A sky beast (D:8)
  4 black bears
  4 ogres
  3 wolves (Lair:1)
  3 centaurs
  4 bullfrogs
  A gnoll sergeant (D:7)
  6 scorpions
  5 wights (D:8)
  15 killer bees
  A howler monkey (D:8)
  5 hounds
  2 orc priests (D:3)
  2 gnoll boudas
  A sleepcap (D:6)
  2 iguanas
  An orc wizard (D:6)
  8 gnolls
  9 adders
  2 shadow imps (D:6)
  A white imp (D:6)
  An ufetubus (D:4)
  25 orcs
  8 endoplasms
  4 giant cockroaches
  5 hobgoblins
  9 kobolds
  5 quokkas
  6 ball pythons
  2 bats (D:1)
  2 frilled lizards
  12 goblins
  3 rats
207 creatures vanquished.

Vanquished Creatures (others)
  A black bear (D:5)
1 creature vanquished.

Grand Total: 208 creatures vanquished

Notes
Turn   | Place    | Note
-------+----------+-------------------------------------------
     0 | D:1      | pzyfr the Minotaur Berserker began the quest for the Orb.
     0 | D:1      | Reached XP level 1. HP: 19/19 MP: 0/0
   354 | D:1      | Reached XP level 2. HP: 24/27 MP: 1/1
  1285 | D:2      | Reached skill level 4 in Axes
  1479 | D:2      | Reached ** piety under Trog
  1481 | D:2      | Reached XP level 3. HP: 28/34 MP: 2/2
  2070 | D:2      | Reached XP level 4. HP: 30/41 MP: 3/3
  3040 | D:2      | Identified a scroll of acquirement
  3040 | D:2      | Acquired the ring "Puifyuz" {rPois MP+9 Str+3 Int+3}
  3380 | D:3      | Reached skill level 5 in Axes
  3742 | D:3      | Reached XP level 5. HP: 21/47 MP: 4/4
  3747 | D:3      | Reached skill level 6 in Axes
  3884 | D:3      | Noticed Grinder
  3891 | D:3      | Paralysed by Grinder for 5 turns
  4298 | D:4      | Noticed an ogre
  4315 | D:4      | Found a staircase to the Ecumenical Temple.
  4325 | D:4      | Killed an ogre
  4326 | D:4      | Reached skill level 7 in Axes
  4326 | D:4      | Reached XP level 6. HP: 34/53 MP: 5/5
  4678 | D:4      | Reached skill level 8 in Axes
  5143 | D:3      | Killed Grinder
  5144 | D:3      | Reached skill level 9 in Axes
  5144 | D:3      | Reached XP level 7. HP: 34/60 MP: 6/6
  5531 | Temple   | Entered the Ecumenical Temple
  5694 | D:5      | Entered Level 5 of the Dungeon
  5951 | D:4      | Gained mutation: You passively map a small area around you.
                  | [potion of mutation]
  5951 | D:4      | Gained mutation: You are dopey. (Int -2) [potion of
                  | mutation]
  5951 | D:4      | Gained mutation: You are clumsy. (Dex -2) [potion of
                  | mutation]
  5951 | D:4      | Lost mutation: You are clumsy. (Dex -2) [potion of
                  | mutation]
  6114 | D:5      | Reached skill level 10 in Axes
  6761 | D:5      | Reached skill level 11 in Axes
  6761 | D:5      | Reached XP level 8. HP: 47/67 MP: 7/7
  7130 | D:5      | Found a stormy altar of Qazlal.
  7150 | D:5      | Found Nyakiun's General Store.
  7167 | D:5      | Found Peynir's Jewellery Boutique.
  7366 | D:5      | Reached skill level 12 in Axes
  7470 | D:5      | Found a broken altar of Ashenzari.
  7620 | D:5      | Found Erilluon's Weapon Shop.
  8334 | D:5      | Found Gusm's Antique Armour Emporium.
  8372 | D:5      | Found a hide-covered altar of Uskayaw.
  8380 | D:5      | Found a glowing golden altar of the Shining One.
  8528 | D:5      | Bought a pair of gloves for 108 gold pieces
  9258 | D:6      | Reached skill level 13 in Axes
  9579 | D:6      | Reached *** piety under Trog
  9679 | D:6      | Reached XP level 9. HP: 60/72 MP: 8/8
 10088 | D:6      | Reached skill level 14 in Axes
 10698 | D:7      | Paralysed by a hornet for 1 turns
 10704 | D:7      | Reached skill level 15 in Axes
 10725 | D:7      | HP: 3/72 [gnoll sergeant/+2 spear of freezing (1)]
 11126 | D:7      | Found Iheud's Tremendous Tomes.
 11549 | D:8      | Found a burning altar of Makhleb.
 11641 | D:8      | Noticed an elephant
 11651 | D:8      | Killed an elephant
 11652 | D:8      | Reached skill level 16 in Axes
 11708 | D:8      | Found a staircase to the Lair.
 11970 | D:8      | Reached XP level 10. HP: 80/80 MP: 9/9
 12077 | D:8      | Reached skill level 1 in Shields
 12604 | D:8      | Found a sparkling altar of Nemelex Xobeh.
 12671 | D:8      | Reached skill level 17 in Axes
 12882 | D:8      | Reached **** piety under Trog
 13714 | Lair:1   | Entered Level 1 of the Lair of Beasts
 13745 | Lair:1   | Reached skill level 5 in Shields
 14484 | Lair:1   | Reached skill level 18 in Axes
 14604 | Lair:1   | Noticed a death yak
 14659 | Lair:1   | Noticed a cane toad
 14672 | Lair:1   | Killed a cane toad
 14676 | Lair:1   | Reached XP level 11. HP: 85/85 MP: 10/10
 15275 | Lair:1   | Noticed a death yak
 15286 | Lair:1   | Noticed a death yak
 15290 | Lair:1   | Noticed a death yak
 15319 | Lair:1   | Killed a death yak
 15325 | Lair:1   | Killed a death yak
 15341 | Lair:1   | Killed a death yak
 15363 | Lair:1   | Killed a death yak
 15954 | Lair:2   | Noticed a five-headed hydra
 15974 | Lair:2   | Killed a ten-headed hydra
 15975 | Lair:2   | Reached skill level 19 in Axes
 16239 | Lair:2   | Reached skill level 10 in Shields
 16963 | Lair:2   | HP: 2/85 [yak[a torpor snail] (12)]
 16966 | Lair:2   | Mangled by a yak

Illustrated notes

Levels and vault maps discovered:
D:1:      dpeg_arrival_three_smaller_balls, layout_loops_ring,
          minmay_misc_feat_secret_circle, grunt_decor_arrowhead
D:2:      layout_loops_cross, minmay_pentomino_w2
D:3:      layout_rooms, uniq_grinder
D:4:      layout_loops_cross, minmay_temple_entry_crystal_x
D:5:      layout_layer_cave, grunt_qazlal_clouds, mainiacjoe_overflow_alcove_4,
          amethyst_overflow_temple_binary, serial_shops, shop, shop,
          nicolae_shop_hallway_plus, nicolae_shop_gaudy_bauble,
          small_statue_intersection, serial_bayou_pond_b,
          amcnicky_mini_corridor_feature
D:6:      minmay_chambers_of_threes, layout_loops_cross
D:7:      layout_cave_pools, enter_bailey_5, dk_noncrumbling_4,
          nicolae_shop_i_like_big_books
D:8:      layout_layer_cave, overflow_temple_1_default, marbit_many_paths,
          david_lair_generic, minmay_ruffians
D:9:      layout_cross, xom_confusion_cloud, erik_orc_4, minmay_curled_crystal,
          minmay_misc_feat_four_crosses
Temple:   hc_temple_tempest_star
Lair:1:   layout_cave_shapes, chequers_serial_rivers_large_b, minivault_11,
          grunt_megastairs_3
Lair:2:   layout_gridlike, elwin_shoals_entry_rooms, nicolae_snake_entry_squirm,
          serial_bayou_shore_a

Skill      XL: |  1  2  3  4  5  6  7  8  9 10 11 |
---------------+----------------------------------+-----
Fighting       | 4 |  4.5
Axes           | 4 5 7 9 11 13 16 18 19 | 19.2
Shields        | 7 10 | 10.3
Short Blades   | |  0.7
Armour         | |  2.7
Dodging        | |  2.5
Stealth        | |  0.5

Action                     |  1- 3 |  4- 6 |  7- 9 | 10-12 || total
---------------------------+-------+-------+-------+-------++-------
  Melee: Hand axe          |    61 |    96 |   277 |   373 ||   807
         Headbutt          |     9 |    11 |    45 |    71 ||   136
         Short sword       |    18 |     3 |       |       ||    21
         Punch             |       |     1 |     2 |       ||     3
         Mace              |       |       |       |     8 ||     8
  Throw: Stone             |       |     1 |     2 |     1 ||     4
 Invoke: Berserk           |       |     3 |     8 |     5 ||    16
    Use: Scroll            |       |     7 |     5 |     3 ||    15
         Potion            |       |     2 |     5 |     6 ||    13
 Armour: Animal skin       |     9 |       |       |       ||     9
         Ring mail         |     9 |    14 |       |       ||    23
         Chain mail        |       |    10 |       |       ||    10
         Plate armour      |       |     2 |   153 |   108 ||   263
  Dodge: Dodged            |    51 |    31 |    70 |    86 ||   238
  Block: Kite shield       |       |       |       |   192 ||   192
